 Dungeon Crawl Stone Soup version 0.24-a0-250-g6074511 (webtiles) character file.

Game seed: 13822278476600033711

14868 Borgoz the Slicer (level 12, -1/79 HPs)
             Began as a Kobold Gladiator on Apr 14, 2019.
             Was a Priest of Ashenzari.
             Slain by an enormous slime creature (80 damage)
             ... on level 11 of the Dungeon.
             The game lasted 00:33:17 (10760 turns).

Borgoz the Slicer (Kobold Gladiator)               Turns: 10760, Time: 00:33:18

Health: -1/79      AC: 12    Str: 16    XL:     12   Next: 50%
Magic:  12/12      EV: 28    Int: 10    God:    Ashenzari [***...]
Gold:   422        SH:  0    Dex: 16    Spells: 9/11 levels left

rFire    . . .     SeeInvis +   a - +8 dagger (venom)
rCold    . . .     Gourm    .   (shield restricted)
rNeg     . . .     Faith    .   J - +0 troll leather armour
rPois    .         Spirit   .   r - +1 hat
rElec    .         Reflect  .   n - +2 cloak
rCorr    .         Harm     .   (no gloves)
MR       .....                  w - +1 pair of boots {run} (curse)
Stlth    +.........             I - amulet of regeneration
HPRegen  1.03/turn              e - +5 ring of slaying
MPRegen  0.13/turn              q - +4 ring of evasion

@: quick
A: small, carnivore
a: Curse Item, Scrying, Renounce Religion


You were on level 11 of the Dungeon.
You worshipped Ashenzari.
Ashenzari was most pleased with you.
You were completely stuffed.

You visited 2 branches of the dungeon, and saw 12 of its levels.
You also visited: Bailey.

You collected 634 gold pieces.
You spent 212 gold pieces at shops.

Inventory:

Hand Weapons
 a - a +8 dagger of venom (weapon)
 b - a +4 short sword
 i - a +4 dagger of freezing
 k - a +0 rapier
Armour
 g - a +3 leather armour
 n - a +2 cloak (worn)
 r - a +1 hat (worn)
 u - the +1 robe "Areweh" {rPois rC- rN+ Str+4}
   (You found it on level 5 of the Dungeon)

   It affects your strength (+4).
   It makes you vulnerable to cold.
   It protects you from poison.
   It protects you from negative energy.
 w - a cursed +1 pair of boots of running (worn)
 A - the +4 robe "Gauhyifi" {rC+}
   (You found it on level 5 of the Dungeon)

   It protects you from cold.
 D - a +0 crystal plate armour
 J - a +0 troll leather armour (worn)
Jewellery
 e - a +5 ring of slaying (left hand)
 h - a +3 amulet of reflection
 q - a +4 ring of evasion (right hand)
 t - an uncursed ring of magical power
 x - a +3 ring of protection
 B - an uncursed ring of see invisible
 E - the amulet "Lungevis" {RegenMP MR+ Str-5 Int+4 Slay+2}
   (You found it on level 10 of the Dungeon)

   [amulet of magic regeneration]

   It increases your magic regeneration.
   It affects your strength (-5).
   It affects your intelligence (+4).
   It affects your accuracy and damage with ranged weapons and melee attacks
   (+2).
   It affects your resistance to hostile enchantments.
 H - an uncursed amulet of faith
 I - an amulet of regeneration (around neck)
Wands
 d - a wand of random effects (22)
 y - a wand of polymorph (20)
 F - a wand of enslavement (17)
Scrolls
 c - a scroll of fear
 j - 4 scrolls of teleportation
 m - 5 scrolls of remove curse
 o - 3 scrolls of amnesia
 s - a scroll of noise {unknown}
 C - 2 scrolls of magic mapping
 G - 3 scrolls of enchant armour
 L - a scroll of acquirement {unknown}
 M - a scroll of enchant weapon {unknown}
Potions
 l - a potion of brilliance
 p - 4 potions of heal wounds
 v - 2 potions of berserk rage
 z - 5 potions of magic
 K - 6 potions of mutation
 N - a potion of resistance {unknown}
Comestibles
 f - 21 rations


   Skills:
 + Level 10.9 Fighting
 + Level 12.9 Short Blades
 - Level 2.1 Throwing
 + Level 8.2 Armour
 + Level 12.0 Dodging


You had 9 spell levels left.
You knew the following spells:

 Your Spells              Type           Power        Failure   Level  Hunger
a - Blink                 Tloc           N/A          56%         2    ###....

Your spell library contained the following spells:

 Spells                   Type           Power        Failure   Level  Hunger
 Apportation              Tloc           #.....       41%         1    ##.....
 Magic Dart               Conj           #...         41%         1    ##.....
 Summon Butterflies       Summ           #.......     41%         1    ##.....
 Summon Small Mammal      Summ           #...         41%         1    ##.....
 Call Imp                 Summ           #.......     56%         2    ###....
 Poisonous Vapours        Pois/Air       #.....       56%         2    ###....
 Slow                     Hex            #.......     56%         2    ###....
 Call Canine Familiar     Summ           #.......     80%         3    ####...
 Conjure Flame            Conj/Fire      #.......     80%         3    ####...
 Lesser Beckoning         Tloc           #.........   80%         3    ####...
 Mephitic Cloud           Conj/Pois/Air  #.......     80%         3    ####...
 Summon Guardian Golem    Hex/Summ       #.......     80%         3    ####...
 Tukima's Dance           Hex            #.......     80%         3    ####...
 Summon Ice Beast         Ice/Summ       #.......     99%         4    #####..
 Summon Lightning Spire   Summ/Air       #.......     99%         4    #####..
 Alistair's Intoxication  Tmut/Pois      #.......     100%        5    ######.
 Freezing Cloud           Conj/Ice/Air   #.........   100%        6    #######
 Invisibility             Hex            #.......     100%        6    #######
 Ring of Flames           Chrm/Fire      #.........   100%        7    #######


Dungeon Overview and Level Annotations

Branches:
Dungeon (11/15)            Temple (1/1) D:4            Lair (0/6) D:9
    Orc (0/2) D:10

Altars:
Ashenzari
Cheibriados
Dithmenos
Elyvilon
Fedhas
Gozag
Hepliaklqana
Kikubaaqudgha
Makhleb
Nemelex Xobeh
Okawaru
Qazlal
Ru
Sif Muna
Trog
Uskayaw
Vehumet
Wu Jian
Xom
Yredelemnul
Zin
The Shining One

Shops:
D:4 ?::}(   D:5 (**([   D:7 *   D:9 =

Portals:
Trove: D:10 (give 8 potions of haste)


Innate Abilities, Weirdness & Mutations

You are small and have problems with some larger weapons.
You are carnivorous and can eat meat at any time.


Message History

The yak is severely wounded.
The yak closely misses you.
You hit the yak.
The yak looks as sick as possible!
The yak is severely wounded.
You puncture the yak!
You kill the yak!
A manticore comes into view.
You see here a yak corpse.
The enormous slime creature misses you.
A troll comes into view.
The troll shouts!
You see here a yak corpse.
All of the chunks of flesh in your inventory have rotted away.
Evoke which item? (* to show all) (? for menu, Esc to quit)
Okay, then.
You puncture the enormous slime creature!
The enormous slime creature is lightly wounded.
The enormous slime creature hits you!!!!
Ouch! That really hurt!
You die...

* ........... ,
.........., *
#####......... ####
YY..TH..J.... *
#... ,, #{.Y...J...
#... , ,, #Y# * **
#... , #Y# #... ,
#J# #... * ,#@#
#... *
#.#############...
* ,*
,#.............'..)
,
,###############...
* * #### * **** , ,
, *


You could see an enormous slime creature, a manticore, 3 yaks and a troll.

Vanquished Creatures
  2 hydras
  2 two-headed ogres
  Urug (D:11)
  An orc knight (Bailey)
  A cyclops (D:11)
  Maurice (D:8)
  A kobold demonologist (D:11)
  An efreet (D:10)
  A yaktaur (shapeshifter) (D:10)
  A komodo dragon (D:9)
  3 trolls
  A hornet (D:10)
  Prince Ribbit (D:8)
  2 dream sheep (D:8)
  2 hippogriffs
  A shadow (D:10)
  A wraith (D:10)
  9 yaks
  A vampire (D:10)
  Sigmund (D:3)
  A steam dragon (D:7)
  Edmund (D:4)
  3 ice beasts
  4 orc warriors
  A black bear (D:8)
  2 phantoms (D:5)
  3 sky beasts
  A hornet zombie (D:10)
  6 ogres
  2 centaurs
  11 big kobolds
  A crocodile (D:7)
  8 bullfrogs
  A gnoll sergeant (D:10)
  3 scorpions
  4 killer bees (D:11)
  5 wights (D:7)
  3 bullfrog zombies
  5 crimson imps
  5 hounds
  A quasit (D:9)
  4 jellies
  8 orc priests
  2 centaur skeletons
  3 iguanas
  Ijyb (D:5)
  8 orc wizards
  8 worker ants
  A killer bee zombie (D:8)
  Robin (D:3)
  A worker ant zombie (D:8)
  26 gnolls
  8 adders
  A worm (D:5)
  3 dart slugs
  7 leopard geckos
  23 orcs
  2 ball pythons
  4 bats
  3 giant cockroaches
  12 goblins
  20 hobgoblins
  14 jackals
  A quokka (D:7)
  4 frilled lizards
  67 kobolds
  2 leopard gecko skeletons
  A leopard gecko zombie (D:8)
  5 rats
345 creatures vanquished.

Vanquished Creatures (others)
  A plant (D:9)
1 creature vanquished.

Grand Total: 346 creatures vanquished

Notes
Turn   | Place    | Note
-------+----------+-------------------------------------------
     0 | D:1      | Borgoz the Kobold Gladiator began the quest for the Orb.
     0 | D:1      | Reached XP level 1. HP: 12/12 MP: 1/1
    83 | D:1      | Reached XP level 2. HP: 18/18 MP: 2/2
   673 | D:2      | Reached XP level 3. HP: 16/22 MP: 3/3
   932 | D:2      | Reached skill level 1 in Armour
  1268 | D:3      | Reached XP level 4. HP: 27/27 MP: 4/4
  1553 | D:3      | Found an ornate altar of the Wu Jian Council.
  1598 | D:3      | Found a bloodstained altar of Trog.
  1746 | D:3      | Noticed Robin
  1786 | D:3      | Reached XP level 5. HP: 16/32 MP: 5/5
  1798 | D:3      | Killed Robin
  2056 | D:3      | Noticed Sigmund
  2072 | D:3      | Killed Sigmund
  2072 | D:3      | Reached skill level 5 in Short Blades
  2072 | D:3      | Reached skill level 5 in Dodging
  2072 | D:3      | Reached XP level 6. HP: 27/38 MP: 6/6
  2354 | D:4      | Found a staircase to the Ecumenical Temple.
  2371 | Temple   | Entered the Ecumenical Temple
  2408 | Temple   | Became a worshipper of Ashenzari the Shackled
  2664 | D:4      | Found Cifecotim's Weapon Emporium.
  2667 | D:4      | Noticed Edmund
  2696 | D:4      | Killed Edmund
  2696 | D:4      | Reached XP level 7. HP: 26/44 MP: 7/7
  2715 | D:4      | Found Bom Hyhif's Gadget Boutique.
  2717 | D:4      | Found Paodghodu's Book Boutique.
  2717 | D:4      | Found Awos's Book Boutique.
  2721 | D:4      | Found Cupt's Magic Scroll Boutique.
  3066 | D:4      | Found a stormy altar of Qazlal.
  3066 | D:4      | Found a shimmering altar of Xom.
  3324 | D:5      | Entered Level 5 of the Dungeon
  3356 | D:5      | Found an opulent altar of Gozag.
  3398 | D:5      | Found Ciesug's Antique Armour Shoppe.
  3427 | D:5      | Bought a pair of embroidered boots for 172 gold pieces
  3432 | D:5      | Identified a +1 pair of boots of running (You bought it in
                  | a shop on level 5 of the Dungeon)
  3478 | D:5      | Reached skill level 5 in Fighting
  3478 | D:5      | Reached XP level 8. HP: 49/49 MP: 8/8
  3535 | D:5      | Noticed Ijyb
  3549 | D:5      | Killed Ijyb
  3591 | D:5      | Got the uncursed robe "Gauhyifi" {rC+}
  3606 | D:5      | Identified the +4 robe "Gauhyifi" {rC+} (You found it on
                  | level 5 of the Dungeon)
  3715 | D:5      | Found Daraes's Antique Weapon Shoppe.
  3768 | D:5      | Got the uncursed robe "Areweh" {rPois rC- rN+ Str+4}
  3783 | D:5      | Found Saiqul's Assorted Antiques.
  3784 | D:5      | Found Tuthat's Assorted Antiques.
  3794 | D:5      | Bought a scroll labeled WYMECUCZUO for 20 gold pieces
  3794 | D:5      | Bought a scroll labeled NYJUSAP TUTI for 20 gold pieces
  3809 | D:5      | Found Ekiuporch's Weapon Shoppe.
  4108 | D:5      | Found a sacrificial altar of Ru.
  4255 | D:5      | Reached XP level 9. HP: 31/55 MP: 9/9
  4899 | D:6      | Learned a level 2 spell: Blink
  4958 | D:6      | Reached * piety under Ashenzari
  5595 | D:6      | Reached skill level 5 in Armour
  5711 | D:6      | Found a deep blue altar of Sif Muna.
  5756 | D:6      | Identified the +1 robe "Areweh" {rPois rC- rN+ Str+4} (You
                  | found it on level 5 of the Dungeon)
  5802 | D:7      | Found Doecounkiss's Island Escapes.
  5805 | D:7      | Noticed a troll
  5818 | D:7      | Killed a troll
  5873 | D:7      | Reached XP level 10. HP: 58/63 MP: 10/10
  5947 | D:7      | Noticed a two-headed ogre
  5963 | D:7      | Killed a two-headed ogre
  5963 | D:7      | Reached skill level 10 in Short Blades
  6841 | D:8      | Noticed Prince Ribbit
  6842 | D:8      | Reached ** piety under Ashenzari
  6842 | D:8      | Noticed Maurice
  6863 | D:8      | Killed Prince Ribbit
  6880 | D:8      | Paralysed by something for 6 turns
  7263 | D:8      | Killed Maurice
  7263 | D:8      | Reached skill level 10 in Dodging
  7266 | D:8      | Reached XP level 11. HP: 52/69 MP: 11/11
  7329 | D:8      | Noticed a two-headed hydra
  7353 | D:8      | Killed a two-headed hydra
  7503 | D:8      | Found a glowing silver altar of Zin.
  7508 | D:8      | Found a white marble altar of Elyvilon.
  7509 | D:8      | Found a glowing golden altar of the Shining One.
  7513 | D:8      | Found a hide-covered altar of Uskayaw.
  7514 | D:8      | Found a shadowy altar of Dithmenos.
  7518 | D:8      | Found an ancient bone altar of Kikubaaqudgha.
  7702 | D:9      | Found Edeu's Jewellery Emporium.
  8242 | D:9      | Found an iron altar of Okawaru.
  8321 | D:9      | Found a staircase to the Lair.
  8665 | D:10     | Entered Level 10 of the Dungeon
  8665 | D:10     | Found a flagged portal.
  8753 | Bailey   | Entered a bailey
  8819 | Bailey   | Noticed an orc knight
  8967 | Bailey   | Killed an orc knight
  9184 | D:10     | Found a staircase to the Orcish Mines.
  9332 | D:10     | Noticed a two-headed ogre
  9341 | D:10     | Killed a two-headed ogre
  9341 | D:10     | Reached skill level 10 in Fighting
  9548 | D:10     | Found a runed translucent door.
  9550 | D:10     | Found a runed translucent door.
  9624 | D:10     | Noticed an eight-headed hydra
  9625 | D:10     | Identified the amulet "Lungevis" {RegenMP MR+ Str-5 Int+4
                  | Slay+2}
  9633 | D:10     | Killed an eight-headed hydra
  9633 | D:10     | Reached XP level 12. HP: 77/77 MP: 12/12
  9875 | D:10     | Found a portal to a secret trove of treasure.
 10440 | D:11     | Noticed Urug
 10457 | D:11     | Killed Urug
 10653 | D:11     | Reached *** piety under Ashenzari
 10760 | D:11     | Slain by an enormous slime creature

Levels and vault maps discovered:
D:1:      shiori_arrival_maze, layout_loops_ring, minivault_14
D:2:      layout_basic, minmay_split_cup_large
D:3:      layout_basic, lemuel_round_altar, bloody_trog, uniq_robin,
          uniq_sigmund
D:4:      layout_gridville, gammafunk_temple_overflow_wave,
          minmay_temple_entry_statues_fountains, first_ration, serial_shops,
          nicolae_shop_waterfront, minmay_shop_grid_forest, uniq_edmund
D:5:      minmay_goblin_kobold_castle, layout_basic,
          nicolae_overflow_hidden_temple, serial_shops, shop,
          nicolae_shop_trees, shop, shop, shop, grunt_gozag_statues, uniq_ijyb
D:6:      layout_cave_pools, led_sif_pool, grunt_decor_one_mirror
D:7:      layout_basic, nicolae_island_escapes
D:8:      layout_rooms, minitemple, hangedman_ranch [blue_anna_fruit_fields],
          uniq_maurice, uniq_prince_ribbit1
D:9:      layout_gridville, david_lair_shrubbed, serial_shops,
          nicolae_shop_statue_plus, okawaru_metal_pillars_1_2
D:10:     minmay_the_grid_triangle_9x9_recursive_2
          [minmay_the_grid_triangle_9x9_prize_insulated,
          minmay_the_grid_triangle_9x9_corruption,
          minmay_the_grid_triangle_9x9_tough_junction,
          minmay_the_grid_triangle_9x9_windchime], layout_gridville,
          enter_bailey_2, enter_trove_3, minmay_misc_feat_plants,
          minmay_quadrilaterals
D:11:     layout_basic, ebering_ghost_xom, uniq_urug
Temple:   cyrus_temple_forest
Bailey:   bailey_axe_2, bailey

Skill      XL: |  1  2  3  4  5  6  7  8  9 10 11 12 |
---------------+-------------------------------------+-----
Dodging        | 4 5 6 7 8 10 11 12 | 12.0
Armour         | 1 2 3 4 5 6 7 8 |  8.2
Fighting       | 3 4 5 6 7 8 10 | 10.9
Short Blades   | 5 6 7 9 10 12 | 12.9
Throwing       | |  2.1

Action                   |  1- 3 |  4- 6 |  7- 9 | 10-12 || total
-------------------------+-------+-------+-------+-------++-------
Melee: Rapier            |   111 |   127 |   407 |    16 ||   661
       Unarmed           |       |       |     5 |       ||     5
       Short sword       |       |       |       |   234 ||   234
       Dagger            |       |       |       |   440 ||   440
Throw: Throwing net      |       |     4 |     1 |     1 ||     6
Invok: Curse Item        |       |       |     1 |       ||     1
Evoke: Wand              |       |       |     3 |     3 ||     6
  Use: Potion            |       |     6 |       |     5 ||    11
       Scroll            |       |       |       |    11 ||    11
 Stab: Held in net/web   |       |     2 |       |       ||     2
       Sleeping          |       |       |     2 |     3 ||     5
  Eat: Chunk             |    10 |     4 |    10 |    15 ||    39
Armor: Leather armour    |    20 |    12 |    12 |       ||    44
       Skin              |       |   105 |     1 |       ||   106
       Robe              |       |       |    32 |    15 ||    47
       Troll leather arm |       |       |       |    39 ||    39
Dodge: Dodged            |    83 |    81 |   363 |   538 ||  1065
Block: Other             |       |     3 |    55 |       ||    58
       Reflection        |       |       |     7 |       ||     7

Table legend:
 A = Non-vault XP
 B = Vault XP
 C = Vault XP percentage of total XP
 D = Non-vault monster count
 E = Vault monster count
 F = Vault count percentage of total count
                 A         B        C        D         E       F
            +---------+---------+-------+---------+---------+-------
      Total |   11645 |    9596 |  45.2 |     206 |     139 |  40.3
            +---------+---------+-------+---------+---------+-------
        D:1 |      17 |       3 |  15.0 |      11 |       2 |  15.4
        D:2 |      41 |       7 |  14.6 |      13 |       4 |  23.5
        D:3 |      52 |     233 |  81.8 |      11 |      13 |  54.2
        D:4 |     275 |     173 |  38.6 |      22 |       1 |   4.3
        D:5 |    1064 |     743 |  41.1 |      17 |      59 |  77.6
        D:6 |     815 |       0 |   0.0 |      25 |       0 |   0.0
        D:7 |    2444 |       0 |   0.0 |      31 |       0 |   0.0
        D:8 |    1276 |    2946 |  69.8 |      17 |      10 |  37.0
        D:9 |    1165 |     350 |  23.1 |      15 |       1 |   6.2
       D:10 |    1173 |    3524 |  75.0 |      21 |      14 |  40.0
       D:11 |    3323 |     804 |  19.5 |      23 |       1 |   4.2
     Bailey |       0 |     813 | 100.0 |       0 |      34 | 100.0
            +---------+---------+-------+---------+---------+-------
